 Dungeon Crawl Stone Soup version 0.28-a0-1395-g4f6bc678fa (webtiles) character file.

Game seed: 7199596579937763087

24719 siradein the Fighter (level 12, -10/160 HPs)
             Began as a Palentonga Berserker on Jan 4, 2022.
             Was a High Priest of Trog.
             Mangled by a blink frog (11 damage)
             ... on level 5 of the Lair of Beasts on Jan 5, 2022.
             The game lasted 00:56:15 (16732 turns).

siradein the Fighter (Palentonga Berserker)        Turns: 16732, Time: 00:56:16

Health: -10/160    AC: 42    Str: 24    XL:     12   Next: 83%
Magic:  0/12       EV:  4    Int: 12    God:    Trog [*****.]
Gold:   840        SH:  0    Dex: 18    Spells: 11/11 levels left

rFire   + . .      SeeInvis +   G - +1 great mace of Ecreffug {flame, rN++ Will- rCorr Dex+2}
rCold   . . .      Faith    .   (shield currently unavailable)
rNeg    + + .      Spirit   +   o - +8 orange crystal plate armour {Archmagi, Int+3 Clar}
rPois   +          Reflect  .   b - +0 helmet
rElec   .          Harm     .   M - +0 cloak
rCorr   +          Rampage  .   P - +0 pair of gloves
Will    +....      Archmagi +   N - +1 barding {Stlth+}
Stlth   .......... Clarity  +   J - amulet of guardian spirit
HPRegen 1.36/turn               n - +6 ring of dexterity
MPRegen 0.13/turn               I - ring of poison resistance

@: berserking, lethally poisoned (-10 -> -10), strong-willed, regenerating,
curled up, slow
A: large, rugged brown scales 3, see invisible, deformed body, roll 2, armoured
tail, reflexive curl, fire resistance 1, screaming 1
a: Rolling Charge, Renounce Religion, Berserk, Trog's Hand, Brothers in Arms


You were on level 5 of the Lair of Beasts.
You worshipped Trog.
Trog was extremely pleased with you.
You visited 2 branches of the dungeon, and saw 16 of its levels.
You also visited: Sewer.

You collected 993 gold pieces.
You spent 153 gold pieces at shops.

Inventory:

Hand Weapons
 u - the +6 flail "Uwas" {protect, Dex+5}
   (You bought it in a shop on level 4 of the Dungeon)

   It grants its wielder temporary protection when it strikes (+7 to AC).
   Dex:       It affects your dexterity (+5).
 G - the +1 great mace of Ecreffug (weapon) {flame, rN++ Will- rCorr Dex+2}
   (Trog gifted it to you on level 2 of the Lair of Beasts)

   It burns those it strikes, dealing additional fire damage.
   Dex:       It affects your dexterity (+2).
   rN:        It greatly protects you from negative energy.
   rCorr:     It protects you from acid and corrosion.
   Will:      It decreases your willpower.
Missiles
 s - 4 throwing nets
Armour
 b - a +0 helmet (worn)
 o - the +8 orange crystal plate armour (worn) {Archmagi, Int+3 Clar}
   (You found it on level 2 of the Dungeon)

   Int:       It affects your intelligence (+3).
   Clar:      It protects you against confusion.
 M - a +0 cloak (worn)
 N - a +1 barding of stealth (worn)
 P - a +0 pair of gloves (worn)
Jewellery
 e - a +4 ring of evasion
 k - a ring of magical power
 n - a +6 ring of dexterity (left hand)
 q - a ring of fire
 r - a ring of protection from fire
 y - an amulet of magic regeneration
 B - a +4 ring of evasion
 C - a ring of magical power
 I - a ring of poison resistance (right hand)
 J - an amulet of guardian spirit (around neck)
Wands
 g - a wand of polymorph (13)
 v - a wand of iceblast (10)
 w - a wand of flame (31)
Scrolls
 c - a scroll of fear
 f - a scroll of acquirement
 i - 7 scrolls of teleportation
 j - 4 scrolls of magic mapping
 l - 2 scrolls of enchant weapon
 m - 2 scrolls of immolation
 t - 3 scrolls of blinking
 F - a scroll of silence
 K - 2 scrolls of fog {unknown}
 L - 2 scrolls of enchant armour {unknown}
 O - a scroll of vulnerability {unknown}
Potions
 a - 3 potions of berserk rage
 d - 6 potions of curing
 h - 2 potions of lignification
 p - 3 potions of mutation
 x - 2 potions of heal wounds
 z - a potion of magic
 A - a potion of attraction
 D - 2 potions of might
 H - 2 potions of cancellation


   Skills:
 + Level 11.5 Fighting
 + Level 11.4 Maces & Flails
 + Level 9.5 Armour
 + Level 9.5 Dodging


You had 11 spell levels left.
You didn't know any spells.
Your spell library was empty.

Dungeon Overview and Level Annotations

Branches:
Dungeon (11/15)            Temple (0/1) D:7            Lair (5/6) D:8
  Snake (0/4) Lair:4       Spider (0/4) Lair:2          Orc (0/2) D:9
  Sewer (visited)
  Slime: Lair:5-6

Altars:
Ashenzari
Cheibriados
Elyvilon
Gozag
Makhleb
Okawaru
Qazlal
Ru
Trog
Uskayaw
Xom
Zin

Shops:
D:1 ??*!!   D:3 !   D:4 (   D:6 !   D:8 *


Innate Abilities, Weirdness & Mutations

You are completely covered in rugged brown scales. (AC +3, +7% HP)
You have supernaturally acute eyesight. (SInv)
Armour fits poorly on your strangely shaped body.
You can roll at foes to attack.
You have a long armoured tail.
You curl defensively after being hit. (AC +7*)
Your flesh is heat resistant. (rF+)
You occasionally shout uncontrollably at your foes.


Message History

The blink frog blinks!
The blink frog hits you but does no damage.
The cane toad stings you but does no damage.
The blink frog blinks! x2; The wolf bites you but does no damage.
You sock the cane toad! You burn the cane toad.
The cane toad is moderately wounded.
You feel sick. The cane toad stings you!
* * * LOW HITPOINT WARNING * * *
The blink frog hits you but does no damage.
The wolf bites you but does no damage.
The cane toad stings you but does no damage.
You completely miss the black bear. You tail-slap the black bear!
The black bear is moderately wounded.
You feel sick. The blink frog hits you!
* * * LOW HITPOINT WARNING * * *
The blink frog blinks!
The cane toad stings you!
* * * LOW HITPOINT WARNING * * *
The black bear bites you.
* * * LOW HITPOINT WARNING * * *
The black bear claws you but does no damage. x2
The blink frog blinks!
The wolf bites you but does no damage.
The cane toad stings you but does no damage.
You bludgeon the black bear!! You burn the black bear.
You kill the black bear!
Trog accepts your kill.
* * * LOW HITPOINT WARNING * * *
You feel sick. The wolf bites you but does no damage.
The cane toad stings you but does no damage.
Unknown command.
You thump the cane toad! You burn the cane toad. You tail-slap the cane toad.
The cane toad is almost dead.
* * * LOW HITPOINT WARNING * * *
You feel sick. The wolf barely misses you.
The cane toad stings you but does no damage. x2
Unknown command.
You sock the cane toad! You burn the cane toad.
You kill the cane toad!
Trog accepts your kill.
You feel sick.
The wolf splashes around in the water.
The blink frog hits you!
You die...

............).......
##....#.P.............
##P...P................
##......................
#........≈≈≈............
#P......≈≈≈............
#P......≈≈≈...........#
#.......FFh............
##......≈@†............
#.....÷..§..†..........
##.......FF?.#........
#..........F.............
##........................
#P........................
#.........................
##........................
#.........................


You could see a cane toad, 4 blink frogs and a wolf.

Vanquished Creatures
  Harold (Lair:1)
  A two-headed ogre (D:11)
  Erica (D:11)
  A lindwurm (Lair:3)
  6 elephants (Lair:5)
  2 black mambas
  10 cane toads
  Maggie (Lair:1)
  6 komodo dragons
  2 polar bears (D:11)
  5 blink frogs
  A vampire (D:10)
  6 wyverns
  A shadow (D:10)
  38 yaks
  2 steam dragons
  2 basilisks
  An acid dragon (D:10)
  9 water moccasins
  An ice beast (D:6)
  A hornet zombie (D:6)
  3 orc warriors
  2 black bears
  2 ogres
  9 wolves
  2 phantoms (D:5)
  3 kobold brigands
  2 wyvern zombies
  12 bullfrogs
  2 gnoll sergeants
  7 scorpions
  4 killer bees (D:11)
  6 wights
  3 howler monkeys (D:7)
  A lava snake (Lair:5)
  A bullfrog zombie (D:7)
  6 centaur zombies
  3 hounds
  7 orc priests
  A bullfrog skeleton (D:6)
  A centaur skeleton (D:3)
  4 iguanas
  6 orc wizards
  6 hell rats
  A hound skeleton (D:5)
  A howler monkey zombie (D:8)
  11 gnolls
  A howler monkey skeleton (D:5)
  13 adders
  2 river rats (D:3)
  A shadow imp (D:5)
  A white imp (D:5)
  6 worms
  2 dart slugs (D:2)
  25 orcs
  12 bats
  3 endoplasms
  5 giant cockroaches
  9 goblins
  6 hobgoblins
  8 jackals
  24 kobolds
  A quokka (D:1)
  5 ball pythons
  5 frilled lizards
  4 rats
337 creatures vanquished.

Vanquished Creatures (others)
  A vampire bat (Lair:5)
  4 bats (Lair:5)
  19 fungi
  30 plants
54 creatures vanquished.

Grand Total: 391 creatures vanquished

Notes
Turn   | Place    | Note
-------+----------+-------------------------------------------
     0 | D:1      | siradein the Palentonga Berserker began the quest for the
                  | Orb.
     0 | D:1      | Reached XP level 1. HP: 19/19 MP: 1/1
    44 | D:1      | Found Daly's Magic Scroll Boutique.
    77 | D:1      | Found Ogheh's Distillery.
   302 | D:1      | Found Cuezinourr's Assorted Antiques.
   328 | D:1      | Found Faawuk's Distillery.
   360 | D:1      | Reached XP level 2. HP: 24/25 MP: 2/2
   537 | D:1      | Found Cuiptu's Magic Scroll Emporium.
   835 | D:2      | Found a faded altar of an unknown god.
   874 | D:2      | Reached XP level 3. HP: 31/31 MP: 3/3
  1067 | D:2      | Reached ** piety under Trog
  1303 | D:2      | Found the +8 orange crystal plate armour {Archmagi, Int+3
                  | Clar}
  1809 | D:3      | Reached XP level 4. HP: 35/37 MP: 4/4
  1908 | D:3      | Found a broken altar of Ashenzari.
  1988 | D:3      | Found a glowing drain.
  2001 | D:3      | Reached XP level 5. HP: 37/44 MP: 5/5
  2016 | Sewer    | Entered a sewer
  2122 | Sewer    | Noticed a water moccasin
  2133 | Sewer    | Killed a water moccasin
  2341 | D:4      | Found Amoaxte's Antique Weapon Shoppe.
  2383 | D:3      | Reached XP level 6. HP: 51/51 MP: 6/6
  2383 | D:3      | Found Nacul's Distillery.
  2495 | D:3      | Found a shimmering altar of Xom.
  2540 | D:3      | Reached *** piety under Trog
  2687 | D:4      | Bought a twisted flail for 153 gold pieces
  2687 | D:4      | Identified the +6 flail "Uwas" {protect, Dex+5} (You bought
                  | it in a shop on level 4 of the Dungeon)
  3037 | D:4      | Found a sacrificial altar of Ru.
  3377 | D:5      | Entered Level 5 of the Dungeon
  3476 | D:5      | Gained mutation: You curl defensively after being hit. (AC
                  | +7*) [Palentonga growth]
  3476 | D:5      | Reached XP level 7. HP: 54/58 MP: 7/7
  3628 | D:5      | Reached skill level 5 in Fighting
  3805 | D:5      | Reached skill level 5 in Maces & Flails
  3811 | D:5      | Found a white marble altar of Elyvilon.
  4384 | D:5      | Reached XP level 8. HP: 67/67 MP: 8/8
  4511 | D:5      | Identified a scroll of acquirement
  4512 | D:5      | Gained mutation: Your body sometimes deteriorates upon
                  | taking damage. [potion of mutation]
  4513 | D:5      | Lost mutation: Your body sometimes deteriorates upon taking
                  | damage. [potion of mutation]
  4513 | D:5      | Gained mutation: You occasionally shout uncontrollably at
                  | your foes. [potion of mutation]
  4513 | D:5      | Gained mutation: Your flesh is heat resistant. (rF+)
                  | [potion of mutation]
  4513 | D:5      | Gained mutation: You can roll at foes to attack. [potion of
                  | mutation]
  4764 | D:6      | Found Ihozipeep's Distillery.
  5287 | D:6      | Reached **** piety under Trog
  5382 | D:6      | Identified the +2 robe of Amoer {Int+4}
  5713 | D:7      | Reached skill level 5 in Armour
  5713 | D:7      | Reached skill level 5 in Dodging
  5797 | D:7      | Reached XP level 9. HP: 68/75 MP: 9/9
  5853 | D:7      | Found a staircase to the Ecumenical Temple.
  6167 | D:8      | Found an opulent altar of Gozag.
  6167 | D:8      | Found Gozag's Platinum Reserve.
  6517 | D:8      | Noticed a komodo dragon
  6518 | D:8      | Found a staircase to the Lair.
  6535 | D:8      | Killed a komodo dragon
  6554 | D:8      | Paralysed by an orc for 5 turns
  6599 | D:8      | Found a snail-covered altar of Cheibriados.
  6601 | D:8      | Found a hide-covered altar of Uskayaw.
  7031 | D:9      | Found a bloodstained altar of Trog.
  7313 | D:9      | Found a burning altar of Makhleb.
  7318 | D:9      | Found a glowing silver altar of Zin.
  7318 | D:9      | Noticed an angel
  7318 | D:9      | Noticed a cacodemon
  7359 | D:9      | Found a stormy altar of Qazlal.
  7592 | D:9      | Found an iron altar of Okawaru.
  7763 | D:9      | Found a staircase to the Orcish Mines.
  7814 | D:9      | Reached ***** piety under Trog
  7817 | D:9      | Reached XP level 10. HP: 85/85 MP: 10/10
  7978 | D:10     | Entered Level 10 of the Dungeon
  9046 | D:11     | Noticed Erica
  9056 | D:11     | Killed Erica
  9166 | D:11     | Found a bloodstained altar of Trog.
  9467 | D:11     | Noticed a two-headed ogre
  9526 | D:11     | Killed a two-headed ogre
  9527 | D:11     | Reached XP level 11. HP: 95/95 MP: 11/11
 10225 | Lair:1   | Entered Level 1 of the Lair of Beasts
 10295 | Lair:1   | Noticed Maggie
 10314 | Lair:1   | Killed Maggie
 10964 | Lair:1   | Noticed Harold
 10971 | Lair:1   | Killed Harold
 11759 | Lair:2   | Found a hole to the Spider Nest.
 11852 | Lair:2   | Reached skill level 10 in Fighting
 11852 | Lair:2   | Reached skill level 10 in Maces & Flails
 13036 | Lair:2   | Reached XP level 12. HP: 27/99 MP: 5/12
 13039 | Lair:2   | Identified the +1 great mace of Ecreffug {flame, rN++ Will-
                  | rCorr Dex+2} (Trog gifted it to you on level 2 of the Lair
                  | of Beasts)
 13039 | Lair:2   | Received a gift from Trog
 14776 | Lair:4   | Identified the +1 robe "Lirimuq" {Str+4 Int-4}
 14782 | Lair:4   | Acquired a +1 barding of stealth
 15463 | Lair:4   | Found a staircase to the Snake Pit.
 16729 | Lair:5   | HP: 5/160 [cane toad (14)]
 16729 | Lair:5   | HP: 1/160 [black bear (4)]
 16732 | Lair:5   | Mangled by a blink frog

Illustrated notes

Levels and vault maps discovered:
D:1:      lightli_arrival_quake, layout_rooms, serial_shops, shop, shop,
          nicolae_shop_hallway_stairs, nicolae_shop_window_shopping,
          nicolae_shop_trees
D:2:      layout_loops_ring, hellmonk_ecumenical_altar_blasted, serial_bayou,
          serial_bayou_ford_a, serial_bayou_shore_b, serial_bayou_lagoon_a,
          serial_bayou_pond_e, serial_bayou_pond_b, serial_bayou_pond_d
D:3:      layout_rooms, mainiacjoe_overflow_brackets,
          cheibrodos_ashenzari_chains, serial_shops, shop, portal_sewer_entry_c
D:4:      nicolae_cairo_tiling, layout_rooms, lemuel_coloured_pillars_altar,
          serial_shops, shop
D:5:      layout_basic, elyvilon_altar_3
D:6:      layout_loops_cross, serial_rivers, chequers_serial_rivers_small_b,
          chequers_serial_rivers_small_3, chequers_serial_rivers_small_a,
          chequers_serial_rivers_micro_c, serial_shops, shop
D:7:      layout_rooms, minmay_temple_entry_statues_pillars, chequers_garden
D:8:      layout_rooms, nicolae_gozag_zags_fifth_avenue,
          mainiacjoe_overflow_big_doors, david_lair_shrubbed
D:9:      layout_stronghold, mainiacjoe_overflow_six_doors_small,
          okawaru_altar_gauntlet_db, grunt_temple_overflow_order_and_chaos_2,
          nicolae_qazlal_eye_of_the_storm, minivault_23
D:10:     layout_basic, serial_glass, glass_columns_a, glass_columns_b
D:11:     layout_stronghold, trog_ov_bears_minmay, uniq_erica
Lair:1:   layout_regular_city, uniq_harold, uniq_maggie
Lair:2:   layout_concentric_octagons, nicolae_spider_entry_non_spiders,
          infiniplex_staircase_pool
Lair:3:   layout_cave_pods, small_statue_intersection, patterned_corridor
Lair:4:   layout_cave_pods, dummy_snake_entry
Lair:5:   layout_gridlike, minmay_slime_entry_oklob_enclosed, roderic_batcave,
          kennysheep_snail_temple, uniq_josephine

Skill      XL: |  1  2  3  4  5  6  7  8  9 10 11 12 |
---------------+-------------------------------------+-----
Armour         | 2 3 4 5 6 7 8 9 |  9.5
Dodging        | 2 3 4 5 6 7 8 9 |  9.5
Fighting       | 4 5 6 7 9 10 11 | 11.5
Maces & Flails | 4 5 6 7 9 10 11 | 11.4

Action                   |  1- 3 |  4- 6 |  7- 9 | 10-12 || total
-------------------------+-------+-------+-------+-------++-------
Melee: Mace              |   110 |    38 |       |       ||   148
       Tailslap          |    13 |    24 |    38 |    98 ||   173
       Flail             |       |   108 |   111 |    89 ||   308
       Morningstar       |       |       |   228 |    47 ||   275
       Great mace        |       |       |       |   464 ||   464
Invok: Berserk           |       |     1 |     2 |     3 ||     6
       Trog's Hand       |       |       |     2 |     3 ||     5
 Abil: Rolling Charge    |       |       |     4 |     5 ||     9
  Use: Scroll            |       |       |     8 |    11 ||    19
       Potion            |       |       |     2 |       ||     2
Armor: Animal skin       |     6 |       |       |       ||     6
       Scale mail        |    38 |       |       |       ||    38
       Crystal plate arm |    16 |   150 |   310 |   725 ||  1201
Dodge: Dodged            |    94 |    58 |   221 |   356 ||   729

Table legend: (Time is in decaauts)
 A = Elapsed time spent in this place.
 B = Non-inter-level travel time spent in this place.
 C = Inter-level travel time spent in this place.
 D = Time resting spent in this place.
 E = Time spent auto-exploring this place.
 F = Levels seen in this place.
 G = Mean time per level.
                   A        B        C        D        E       F      G
               +--------+--------+--------+--------+--------+-----+--------+
         Total |  16999 |  16385 |    614 |    459 |  12962 |  17 |  999.9 |
       Dungeon |  10214 |   9761 |    453 |     40 |   7812 |  11 |  928.5 |
          Lair |   6593 |   6432 |    161 |    419 |   5023 |   5 | 1318.6 |
         Sewer |    190 |    190 |      0 |      0 |    127 |   1 |  190.0 |
               +--------+--------+--------+--------+--------+-----+--------+

Top non-repeatable levels by time:
  Lair:2: 1867 daAuts
  Lair:4: 1280 daAuts
  Lair:1: 1277 daAuts
  Lair:3: 1276 daAuts
    D:11: 1247 daAuts
     D:5: 1176 daAuts
     D:9: 1146 daAuts
     D:2: 1101 daAuts
     D:6: 1080 daAuts
    D:10: 968 daAuts
  Lair:5: 890 daAuts
     D:1: 849 daAuts
     D:8: 793 daAuts
     D:4: 701 daAuts
     D:3: 619 daAuts
